 Dungeon Crawl Stone Soup version 0.20.1-1-g8b1a95d (console) character file.

63 hilaritas the Chiller (level 3, -1/19 HPs)
             Began as a Deep Elf Ice Elementalist on Nov 11, 2017.
             Slain by an orc
             ... wielding a +0 falchion
              (6 damage)
             ... on level 3 of the Dungeon.
             The game lasted 00:04:29 (1765 turns).

hilaritas the Chiller (Deep Elf Ice Elementalist)   Turns: 1765, Time: 00:04:30

Health: -1/19      AC:  3    Str:  6    XL:     3   Next: 89%
Magic:  0/9        EV: 13    Int: 24    God:
Gold:   115        SH:  3    Dex: 15    Spells: 5/8 levels left

rFire    . . .     SeeInvis .   e - +0 dagger
rCold    . . .     Gourm    .   (no shield)
rNeg     . . .     Faith    .   a - +0 robe
rPois    .         Spirit   .   (no helmet)
rElec    .         Reflect  +   (no cloak)
rCorr    .         Harm     .   x - +0 pair of gloves
MR       .....                  (no boots)
Stlth    ++........             g - +3 amulet of reflection
Regen    0.1/turn               (no ring)
MPRegen  0.2/turn               (no ring)

@: brilliant, very slightly contaminated
A: no striking features
a: no special abilities


You were on level 3 of the Dungeon.
You were not hungry.

You visited 1 branch of the dungeon, and saw 3 of its levels.

You collected 115 gold pieces.

Inventory:

Hand Weapons
 e - a +0 dagger (weapon)
Armour
 a - a +0 robe (worn)
 d - a +0 shield
 x - a +0 pair of gloves (worn)
Jewellery
 g - a +3 amulet of reflection (around neck)
 s - an uncursed amulet of rage {unknown}
Scrolls
 i - 2 scrolls of amnesia {unknown}
 l - a scroll of blinking {unknown}
 n - a scroll of teleportation {unknown}
 t - a scroll of recharging {unknown}
 u - a scroll of identify {unknown}
 w - a scroll of enchant armour {unknown}
Potions
 k - a potion of curing {unknown}
 m - a potion of berserk rage {unknown}
 p - a potion of heal wounds {unknown}
 q - a potion of flight {unknown}
 r - a potion of agility {unknown}
Books
 b - a book of Frost

   Spells                             Type                      Level
   a - Freeze                         Ice                          1
   b - Throw Frost                    Conjuration/Ice              2
   c - Ozocubu's Armour               Charms/Ice                   3
   d - Throw Icicle                   Conjuration/Ice              4
   e - Summon Ice Beast               Ice/Summoning                4
Comestibles
 c - 4 bread rations
 f - 2 royal jellies
 h - 3 fruits
 o - a meat ration
 v - a chunk of flesh


   Skills:
 - Level 2.4 Dodging
 - Level 2.4 Stealth
 - Level 3.0 Spellcasting
 * Level 1.7 Conjurations
 - Level 5.1 Ice Magic


You had 5 spell levels left.
You knew the following spells:

 Your Spells              Type           Power        Failure   Level  Hunger
a - Freeze                Ice            ####         1%          1    None
b - Throw Frost           Conj/Ice       ####..       1%          2    ##.....


Dungeon Overview and Level Annotations

Branches:
Dungeon (3/15)

Altars:
Ashenzari
Okawaru
Ru
Trog
Zin


Message History

You hit something but do no damage. Something hits you.
Something hits you but does no damage.
You miss something. You miss something. Something hits you but does no damage.
Something hits you.
* * * LOW HITPOINT WARNING * * *
It was a potion of brilliance.
You feel clever all of a sudden.
Casting: Freeze
Confirm with . or Enter, or press ? or * to list all spells.
You can't see any susceptible monsters within range! (Use Z to cast anyway.)
Casting: Freeze
Confirm with . or Enter, or press ? or * to list all spells.
Aiming: Freeze
Press: ? - help, Shift-Dir - straight line You freeze something.
Reactivating autopickup.
Your Ice Magic skill increases to level 5!
You feel a bit more experienced.
You hit the orc but do no damage. The orc hits you with a falchion.
You die...

#########.###
#....@o......
#.#####..#.#.
#.# .._. #.#
#.#. #.# ..
##.##### #
#......# ##
######.# #.
#.# #. #.# #.
#.# #.


You could see an orc.

Vanquished Creatures
  An orc wizard (D:3)
  2 leopard geckos (D:2)
  An orc (D:3)
  5 bats
  4 hobgoblins
  4 frilled lizards
  6 goblins
  4 kobolds
  6 rats
33 creatures vanquished.

Notes
Turn   | Place    | Note
-------+----------+-------------------------------------------
     0 | D:1      | hilaritas the Deep Elf Ice Elementalist began the quest for the Orb.
     0 | D:1      | Reached XP level 1. HP: 10/10 MP: 6/6
   273 | D:1      | Reached XP level 2. HP: 6/15 MP: 5/8
   451 | D:1      | Learned a level 2 spell: Throw Frost
   504 | D:1      | Reached skill level 4 in Ice Magic
   926 | D:2      | Found a sacrificial altar of Ru.
  1086 | D:2      | Found a shattered altar of Ashenzari.
  1086 | D:2      | Found a bloodstained altar of Trog.
  1438 | D:2      | Reached XP level 3. HP: 19/19 MP: 7/9
  1661 | D:2      | Noticed an angel
  1662 | D:2      | Found a glowing silver altar of Zin.
  1741 | D:3      | Found an iron altar of Okawaru.
  1764 | D:3      | Reached skill level 5 in Ice Magic
  1765 | D:3      | Slain by an orc

Skill      XL: |  1  2  3 |
---------------+----------+-----
Ice Magic      | 4 5 |  5.1
Dodging        | |  2.4
Stealth        | |  2.4
Spellcasting   | |  3.0
Conjurations   | |  1.7

Action                   || total
-------------------------++-------
Melee: Dagger            ||     6
 Cast: Freeze            ||    48
  Use: Potion            ||     1
  Eat: Chunk             ||     2
Armor: Robe              ||    10
Dodge: Dodged            ||    23
Block: Other             ||     6
